Map: [ESL] Data-C

Players

maru - Winner!

  • Race: Terran Terran
  • League: Diamond
  • Spawn Location: 3:00

Reynor

  • Race: Zerg Zerg
  • League: Master
  • Spawn Location: 9:00

Event: TSL 9

VOD

Have the link to the VOD?

Description

Time

  • Played on: Sept. 3, 2022, 11:58 a.m.
  • Length: 12:05

All games in this series

Show
View Real Time Build Order
Export as new Build Order

maru Terran - Winner!

Build Orders:  

Get SALT Encoding   

  12  0:00  SCV  
  13  0:12  SCV  
  14  0:17  Supply Depot  
  14  0:24  SCV  
  15  0:38  SCV  
  15  0:40  Barracks  
  16  0:42  Refinery  
  16  0:50  SCV  
  17  1:02  SCV  
  18  1:14  SCV  
  19  1:26  Barracks Reactor  
  19  1:27  Orbital Command  
  19  1:38  Command Center  
  19  1:48  Supply Depot  
  19  1:52  SCV  
  20  2:03  Factory  
  20  2:05  SCV  
  20  2:06  Marine  
  22  2:08  Marine  
  22  2:14  Refinery  
  23  2:17  SCV  
  24  2:24  Marine  
  24  2:26  Marine  
  24  2:29  SCV  
  27  2:41  SCV  
  28  2:47  Starport  
  28  2:52  Orbital Command  
  28  2:53  SCV  
  28  2:56  Hellion  
  28  2:57  Hellion  
  33  3:05  SCV  
  34  3:12  Supply Depot  
  34  3:16  Marine  
  34  3:17  SCV  
  34  3:19  Widow Mine x2  
  40  3:24  Medivac  
  42  3:27  SCV  
  42  3:30  SCV  
  44  3:38  Armory, Barracks Tech Lab  
  44  3:43  SCV x2  
  44  3:44  Widow Mine  
  44  3:46  Widow Mine  
  50  3:54  Supply Depot  
  50  3:55  SCV x2  
  52  4:00  Stimpack  
  52  4:07  SCV x2  
  54  4:17  Barracks x2  
  54  4:18  Starport Reactor  
  54  4:19  SCV  
  54  4:21  Supply Depot  
  54  4:23  SCV  
  56  4:25  Marine  
  56  4:28  Factory Tech Lab  
  57  4:31  SCV  
  57  4:32  Refinery  
  57  4:35  SCV  
  57  4:38  Engineering Bay  
  59  4:42  Supply Depot  
  59  4:43  SCV  
  60  4:47  SCV  
  61  4:54  Siege Tank  
  61  4:55  SCV  
  61  4:59  SCV  
  66  5:08  SCV, Terran Infantry Weapons Level 1  
  66  5:11  SCV  
  68  5:14  Barracks  
  68  5:16  Barracks  
  68  5:17  Starport Reactor  
  68  5:18  Supply Depot, Marine x2  
  68  5:19  Marine x3  
  71  5:36  Marine x3  
  71  5:37  Marine x2  
  71  5:38  Siege Tank  
  71  5:40  Supply Depot  
  71  5:41  Supply Depot  
  71  5:42  Supply Depot, Combat Shield  
  75  5:52  SCV x2  
  75  5:54  Supply Depot, Marine  
  75  5:55  Refinery, Medivac x2  
  80  5:57  Marine x2  
  80  6:00  Marine x2  
  80  6:03  Marine x2  
  86  6:04  SCV  
  90  6:11  Siege Tank  
  90  6:12  Marine  
  90  6:15  Marine x2  
  90  6:18  Marine x2  
  95  6:22  Supply Depot  
  95  6:26  Marine x2  
  95  6:30  Marine  
  95  6:31  Medivac  
  100  6:32  Marine  
  100  6:38  Medivac, Marine x3  
  106  6:43  Marine  
  107  6:56  Marine  
  108  7:01  Marine x2  
  108  7:02  Siege Tank, Marine  
  108  7:04  Command Center  
  109  7:09  Marine  
  109  7:10  Terran Infantry Armor Level 1  
  103  7:15  Medivac  
  103  7:16  Medivac, Marine x3  
  103  7:22  Engineering Bay  
  110  7:23  SCV  
  110  7:27  Marine  
  97  7:38  Marine x4  
  94  7:45  Barracks Tech Lab x2, Marine  
  94  7:46  SCV  
  94  7:47  SCV  
  94  7:58  SCV  
  94  7:59  SCV, Factory Reactor  
  94  8:03  Terran Infantry Weapons Level 2  
  94  8:09  Barracks, Medivac x2  
  94  8:11  Barracks  
  98  8:13  Barracks  
  98  8:16  Marauder x2  
  102  8:29  Marauder, Marine x3  
  102  8:33  Marine  
  108  8:37  Marauder, Marine  
  108  8:39  Widow Mine x2  
  115  8:42  SCV x2  
  117  8:52  Supply Depot  
  117  8:54  SCV x2  
  119  8:58  Orbital Command  
  118  9:05  Terran Infantry Armor Level 2  
  118  9:06  SCV x2  
  118  9:07  Marauder x2  
  118  9:09  Barracks Reactor x2  
  117  9:11  Marine  
  118  9:18  SCV  
  118  9:20  Supply Depot  
  118  9:21  Supply Depot, Marauder x2  
  123  9:26  Widow Mine x2  
  123  9:27  Concussive Shells  
  123  9:29  Marine  
  123  9:30  Marauder  
  130  9:38  Marauder  
  132  9:39  Marine  
  132  9:42  Marauder  
  132  9:43  Marauder  
  137  9:47  Medivac  
  137  9:48  Supply Depot, Widow Mine x2  
  137  9:49  Medivac  
  137  9:50  Marine  
  146  9:57  Marauder, Marine x2  
  146  9:58  Marine  
  146  9:59  Marauder  
  153  10:05  Marauder x2, Marine  
  155  10:09  Widow Mine x2  
  159  10:17  Medivac, Marine  
  159  10:19  Medivac, Marauder  
  159  10:21  Marauder, Marine  
  160  10:22  Marine  
  160  10:23  Marine  
  160  10:26  Marauder  
  163  10:35  Supply Depot  
  157  10:43  Marauder, Marine x2  
  157  10:44  Marauder x2  
  157  10:47  Marine x2  
  157  10:48  Marauder, Marine x2  
  171  10:51  Marine x2  
  166  11:03  Command Center  
  164  11:05  Marauder, Marine  
  164  11:06  Marauder x2  
  171  11:14  Marine x3  
  171  11:17  Marine x2  
  170  11:20  Marine x2  
  170  11:21  Marine  
  170  11:23  Marine  
  174  11:25  Marine  
  174  11:27  Marine x2  
  174  11:32  Marine x3  
  177  11:35  Marine x2  
  177  11:38  Marine x3  
  171  11:41  Marine  
  171  11:43  Marine  
  171  11:45  Marine x2  
Show
View Real Time Build Order
Export as new Build Order

Reynor Zerg 

Build Orders: Hatch First 

Get SALT Encoding   

  12  0:00  Drone  
  13  0:11  Overlord  
  13  0:16  Drone  
  14  0:30  Drone x2  
  16  0:48  Hatchery  
  15  0:51  Drone  
  15  0:54  Drone  
  17  0:57  Drone  
  18  1:09  Extractor  
  17  1:13  Spawning Pool  
  17  1:17  Drone  
  17  1:20  Drone  
  18  1:27  Drone  
  19  1:38  Drone  
  20  1:50  Overlord  
  20  1:59  Queen  
  20  2:00  Zergling x4  
  20  2:01  Queen  
  26  2:10  Drone x2  
  28  2:21  Drone x2  
  30  2:31  Drone, Hatchery  
  30  2:33  Drone  
  31  2:38  Metabolic Boost  
  31  2:43  Drone  
  32  2:45  Overlord  
  31  2:52  Queen  
  31  2:54  Drone  
  31  2:57  Drone  
  35  3:04  Queen, Drone  
  38  3:10  Drone x2  
  38  3:11  Drone  
  41  3:13  Overlord  
  41  3:16  Zergling x2  
  41  3:19  Zergling x2  
  43  3:26  Drone  
  44  3:30  Overlord  
  44  3:36  Drone  
  44  3:39  Queen  
  44  3:41  Queen, Drone  
  48  3:42  Queen  
  48  3:44  Drone  
  48  3:48  Drone  
  54  3:52  Drone  
  54  3:53  Drone  
  56  3:59  Zergling x2  
  56  4:01  Zergling x4  
  59  4:03  Drone  
  59  4:04  Drone  
  59  4:05  Drone  
  61  4:11  Overlord  
  61  4:12  Drone x3  
  61  4:13  Drone  
  61  4:16  Overlord  
  65  4:23  Overlord  
  65  4:29  Drone x4  
  65  4:30  Drone  
  70  4:32  Overlord  
  70  4:34  Lair  
  70  4:37  Baneling Nest  
  70  4:38  Extractor  
  68  4:39  Queen  
  68  4:41  Drone x2  
  68  4:43  Drone  
  73  4:47  Drone x3  
  73  4:50  Spore Crawler x2  
  74  4:58  Drone x2  
  75  5:00  Drone x2  
  75  5:03  Drone  
  75  5:06  Drone x2  
  74  5:16  Drone  
  74  5:17  Queen  
  74  5:20  Drone  
  78  5:26  Zergling x2  
  78  5:27  Zergling x6  
  78  5:28  Overlord  
  82  5:30  Drone  
  73  5:36  Drone x3  
  73  5:38  Centrifugal Hooks  
  73  5:39  Drone x2  
  73  5:41  Drone  
  79  5:48  Drone x2  
  81  5:51  Zergling x6, Extractor  
  81  5:54  Zergling x2  
  84  5:57  Drone x3  
  84  6:02  Zergling x4  
  89  6:06  Zergling x2, Hatchery  
  89  6:11  Queen  
  89  6:13  Overlord x2  
  89  6:15  Zergling x2  
  92  6:19  Zergling x4  
  92  6:20  Zergling x8  
  92  6:24  Baneling x5, Evolution Chamber  
  92  6:25  Baneling x5  
  97  6:26  Zergling x4  
  97  6:30  Zergling x8  
  103  6:34  Baneling x3  
  103  6:35  Zergling x2  
  103  6:37  Zergling x2  
  105  6:42  Zergling x2  
  105  6:43  Baneling x5  
  105  6:47  Queen  
  106  6:48  Overlord x2  
  106  6:50  Zergling x6  
  106  6:51  Zergling x2  
  106  6:53  Zergling x2  
  106  6:54  Zergling x2  
  103  7:09  Zergling x14  
  103  7:13  Zerg Ground Armor Level 1  
  109  7:16  Zergling x14  
  109  7:19  Queen  
  118  7:23  Zergling x10  
  118  7:25  Queen  
  119  7:31  Zergling x2, Queen  
  119  7:35  Zergling x8, Pneumatized Carapace  
  118  7:37  Baneling x5  
  118  7:39  Zergling x2  
  118  7:43  Zergling x4  
  118  7:44  Zergling x2  
  120  7:50  Baneling  
  120  7:51  Zergling x4, Baneling x5  
  119  7:52  Zergling x6  
  119  7:54  Overlord  
  119  7:55  Drone  
  121  8:00  Drone x5  
  121  8:01  Drone  
  121  8:04  Drone  
  126  8:07  Evolution Chamber  
  126  8:09  Drone  
  126  8:13  Drone x3  
  126  8:15  Zergling x2  
  126  8:20  Zergling x2  
  126  8:21  Zergling x10, Queen  
  126  8:24  Zergling x2  
  135  8:27  Baneling  
  135  8:28  Baneling x11  
  135  8:30  Zergling x6  
  137  8:36  Drone x3  
  137  8:39  Spore Crawler, Drone x3  
  137  8:40  Spore Crawler, Extractor  
  140  8:42  Overlord  
  140  8:43  Drone  
  140  8:46  Overlord  
  140  8:47  Drone x2  
  143  8:51  Overlord  
  142  9:02  Drone x5  
  147  9:03  Drone x4  
  147  9:05  Drone, Overlord  
  147  9:06  Drone x3  
  155  9:10  Spire  
  155  9:13  Extractor  
  155  9:14  Extractor  
  155  9:15  Extractor  
  155  9:17  Extractor  
  150  9:20  Drone x5  
  150  9:21  Zergling x2, Drone  
  157  9:25  Zergling x6, Hatchery  
  157  9:26  Zergling x4  
  157  9:27  Overlord  
  161  9:31  Baneling x10  
  161  9:33  Zerg Melee Weapons Level 1  
  161  9:34  Zergling x2  
  161  9:37  Drone x3  
  164  9:45  Zergling x2  
  164  9:46  Zergling x12  
  164  9:47  Spore Crawler  
  164  9:52  Queen, Drone x2  
  174  9:53  Drone  
  174  9:59  Spore Crawler, Overlord x2  
  166  10:07  Zergling x8  
  166  10:10  Overseer  
  158  10:21  Drone  
  158  10:22  Drone x7  
  158  10:23  Zergling x6  
  169  10:30  Mutalisk x3  
  169  10:35  Mutalisk x3  
  170  10:38  Queen, Mutalisk x2  
  170  10:41  Mutalisk x2  
  184  10:48  Overlord  
  184  10:49  Baneling x7  
  184  10:51  Zergling x16  
  182  10:58  Zergling x10  
  174  11:04  Zergling x2  
  174  11:05  Zergling x10  
  174  11:09  Zergling x2  
  177  11:13  Mutalisk x3  
  177  11:16  Zergling x8  
  169  11:18  Baneling  
  169  11:19  Baneling x12  
  169  11:21  Zergling x10  
  169  11:25  Zergling x10  
  170  11:31  Mutalisk x2  
  163  11:35  Zergling x4  
  160  11:43  Zergling x4  
Tags
 
Event
TSL 9
Matchup
TvZ
Spawn Locations
Cross Positions
Add a new tag
Caveats
  • Supply blocks, unpowered buildings, or Contaminate may cause inaccurate times.
  • Supply counts are checked every 10 seconds.